 Dungeon Crawl Stone Soup version 0.19.1 (webtiles) character file.

625 esteth the Magician (level 7, -1/36 HPs)
             Began as a Deep Elf Air Elementalist on Dec 22, 2016.
             Was an Initiate of Vehumet.
             Slain by a sky beast (2 damage)
             ... on level 6 of the Dungeon.
             The game lasted 00:13:51 (4594 turns).

esteth the Magician (Deep Elf Air Elementalist)     Turns: 4594, Time: 00:13:51

Health: -1/36      AC:  2    Str:  5    XL:     7   Next: 23%
Magic:  15/18      EV: 13    Int: 22    God:    Vehumet [......]
Gold:   252        SH:  4    Dex: 15    Spells: 2 memorised, 12 levels left

rFire  . . .     SeeInvis .     (no weapon)
rCold  . . .     Gourm    .     a - +0 robe
rNeg   . . .     Faith    .     (no shield)
rPois  .         Spirit   .     (no helmet)
rElec  .         Reflect  +     (no cloak)
rCorr  .         Harm     .     (no gloves)
MR     .....                    (no boots)
Stlth  ++........               k - +4 amulet of reflection
                                (no ring)
                                (no ring)

@: no status effects
A: no striking features
a: Renounce Religion


You were on level 6 of the Dungeon.
You worshipped Vehumet.
Vehumet was noncommittal.
You were not hungry.

You visited 2 branches of the dungeon, and saw 7 of its levels.

You collected 252 gold pieces.

Inventory:

Armour
 a - a +0 robe (worn)
 x - a +2 shield
Jewellery
 e - an uncursed amulet of guardian spirit
 k - a +4 amulet of reflection (around neck)
 B - a cursed ring of teleportation {unknown}
Scrolls
 g - 3 scrolls of random uselessness
 i - 6 scrolls of identify
 m - a scroll of remove curse
 r - a scroll of magic mapping {unknown}
 v - a scroll of blinking {unknown}
 w - a scroll of enchant armour {unknown}
 y - a scroll of immolation {unknown}
 D - a scroll of recharging {unknown}
Potions
 h - a potion of flight
 j - a potion of berserk rage {unknown}
 l - 2 potions of lignification {unknown}
 o - 2 potions of brilliance {unknown}
 q - a potion of resistance {unknown}
 s - a potion of cure mutation {unknown}
 t - 2 potions of curing
 u - a potion of invisibility {unknown}
 z - a potion of heal wounds {unknown}
 A - a potion of degeneration {unknown}
Books
 b - a book of Air

   Spells                             Type                      Level
   a - Shock                          Conjuration/Air              1
   b - Swiftness                      Charms/Air                   2
   c - Repel Missiles                 Charms/Air                   2
   d - Static Discharge               Conjuration/Air              3
   e - Lightning Bolt                 Conjuration/Air              5
Comestibles
 c - 4 bread rations
 d - 2 meat rations
 f - 2 fruits
 n - a royal jelly
 p - 5 chunks of flesh
 C - a slice of pizza


   Skills:
 - Level 2.4 Dodging
 - Level 2.4 Stealth
 + Level 6.0 Spellcasting
 * Level 6.0 Conjurations
 + Level 4.8 Air Magic


You had 12 spell levels left.
You knew the following spells:

 Your Spells              Type           Power        Failure   Level  Hunger
a - Shock                 Conj/Air       ####         1%          1    None
b - Lightning Bolt        Conj/Air       ####......   34%         5    #####..


Dungeon Overview and Level Annotations

Branches:
Dungeon (6/15)             Temple (1/1) D:4

Altars:
Ashenzari
Cheibriados
Dithmenos
Elyvilon
Okawaru
Qazlal
Trog
Uskayaw
Vehumet


Message History

Aim: a phantom The zap hits the phantom.
The phantom is moderately damaged.
Something hits you but does no damage.
Casting: Shock
Confirm with . or Enter, or press ? or * to list all spells.
Aiming: Shock
Press: ? - help, Shift-Dir - straight line, f/p - phantom
Aim: a phantom (moderately damaged)
The zap misses the phantom.
Something hits you.
* * * LOW HITPOINT WARNING * * *
Something shocks you.
* * * LOW HITPOINT WARNING * * *
Casting: Shock
Confirm with . or Enter, or press ? or * to list all spells.
Aiming: Shock
Press: ? - help, Shift-Dir - straight line, f/p - phantom
Aim: a phantom (moderately damaged)
The zap misses the phantom.
Something hits you.
You die...

#..###.#.
#.......
......# .....#
#....# .
#....#
#...##....#
....W..<@.#
..####.......#
#.........#
....#....##.#
########.# .#
.# .. .# # .#


You could see a phantom.

Vanquished Creatures
  An ogre (D:5)
  A crimson imp (D:5)
  A centaur skeleton (D:5)
  A hound (D:4)
  A jelly (D:5)
  An iguana (D:5)
  2 orc wizards (D:5)
  3 worker ants
  A howler monkey zombie (D:5)
  14 adders
  3 oozes
  An adder skeleton (D:4)
  6 worms
  3 dart slugs
  A leopard gecko (D:1)
  4 orcs
  7 giant cockroaches
  6 goblins
  12 hobgoblins
  5 jackals
  2 ball pythons
  11 bats
  5 frilled lizards
  10 kobolds
  7 rats
109 creatures vanquished.

Notes
Turn   | Place    | Note
-------+----------+-------------------------------------------
     0 | D:1      | esteth the Deep Elf Air Elementalist began the quest for the Orb.
     0 | D:1      | Reached XP level 1. HP: 10/10 MP: 6/6
   166 | D:1      | Reached XP level 2. HP: 15/15 MP: 5/8
  1029 | D:1      | Reached XP level 3. HP: 19/19 MP: 6/10
  1434 | D:2      | Found a white marble altar of Elyvilon.
  1754 | D:2      | Reached XP level 4. HP: 21/24 MP: 9/12
  2197 | D:2      | Found a bloodstained altar of Trog.
  2451 | D:2      | Reached XP level 5. HP: 23/28 MP: 3/13
  2593 | D:2      | Found a shadowy altar of Dithmenos.
  2824 | D:2      | Learned a level 5 spell: Lightning Bolt
  3096 | D:3      | Found an iron altar of Okawaru.
  3273 | D:3      | Reached skill level 5 in Spellcasting
  3375 | D:4      | Found a bloodstained altar of Trog.
  3381 | D:4      | Reached XP level 6. HP: 25/32 MP: 9/15
  3599 | D:4      | Found a snail-covered altar of Cheibriados.
  3744 | D:4      | Found a stormy altar of Qazlal.
  3903 | D:4      | Found a staircase to the Ecumenical Temple.
  4122 | Temple   | Entered the Ecumenical Temple
  4132 | Temple   | Became a worshipper of Vehumet
  4166 | D:5      | Entered Level 5 of the Dungeon
  4208 | D:5      | Reached skill level 5 in Conjurations
  4343 | D:5      | Noticed a sky beast
  4385 | D:5      | Reached XP level 7. HP: 29/36 MP: 7/17
  4593 | D:6      | HP: 1/36 [something (5)]
  4594 | D:6      | Slain by a sky beast

Skill      XL: |  1  2  3  4  5  6  7 |
---------------+----------------------+-----
Conjurations   | 2 3 4 5 6 |  6.0
Spellcasting   | 4 5 6 |  6.0
Air Magic      | 4 |  4.8
Dodging        | |  2.4
Stealth        | |  2.4

Action                   |  1- 3 |  4- 6 |  7- 9 || total
-------------------------+-------+-------+-------++-------
Melee: Unarmed           |    10 |       |       ||    10
 Cast: Shock             |    77 |   174 |    19 ||   270
  Use: Potion            |       |     3 |     1 ||     4
       Scroll            |       |     4 |       ||     4
  Eat: Chunk             |     2 |     7 |     2 ||    11
Armor: Robe              |     2 |     2 |     4 ||     8
Dodge: Dodged            |    17 |    20 |     2 ||    39
